 Dungeon Crawl Stone Soup version 0.28-a0-893-g5e322aebe8 (webtiles) character file.

Game seed: 17497865259772602516

148 Ijustatesigmund the Shield-Bearer (level 5, 0/47 HPs)
             Began as a Gnoll Fighter on Nov 22, 2021.
             Slain by a gnoll (6 damage)
             ... on level 3 of the Dungeon.
             The game lasted 00:02:47 (1670 turns).

Ijustatesigmund the Shield-Bearer (Gnoll Fighter)   Turns: 1670, Time: 00:02:47

Health: 0/47       AC: 10    Str: 16    XL:     5   Next: 30%
Magic:  7/7        EV:  7    Int:  8    God:
Gold:   101        SH:  0    Dex: 11    Spells: 6/6 levels left

rFire   + . .      SeeInvis .   e - +7 triple sword of Esayqip {freeze, Fly rF+ rC+}
rCold   + . .      Faith    .   (shield currently unavailable)
rNeg    . . .      Spirit   .   b - +0 chain mail
rPois   .          Reflect  .   (no helmet)
rElec   .          Harm     .   (no cloak)
rCorr   .          Rampage  .   (no gloves)
Will    .....                   (no boots)
Stlth   ..........              (no amulet)
HPRegen 0.15/turn               (no ring)
MPRegen 0.10/turn               (no ring)

@: lethally poisoned (0 -> -1), flying
A: fangs 1, strong nose, distributed training
a: no special abilities


You were on level 3 of the Dungeon.
You visited 1 branch of the dungeon, and saw 3 of its levels.

You collected 101 gold pieces.

Inventory:

Hand Weapons
 a - a +0 war axe of flaming
 e - the +7 triple sword of Esayqip (weapon) {freeze, Fly rF+ rC+}
   (You acquired it on level 1 of the Dungeon)

   It freezes those it strikes, dealing additional cold damage.
   It can also slow down cold-blooded creatures.
   rF:        It protects you from fire.
   rC:        It protects you from cold.
   Fly:       It grants you flight.
Armour
 b - a +0 chain mail (worn)
 c - a +0 buckler
Jewellery
 k - a ring of fire
Potions
 d - 3 potions of might
 h - a potion of haste {unknown}
 i - a potion of invisibility {unknown}
 l - a potion of degeneration {unknown}


   Skills:
 + Level 6.7 Fighting
 + Level 1.4 Short Blades
 + Level 1.4 Long Blades
 + Level 4.7 Axes
 + Level 1.4 Maces & Flails
 + Level 1.4 Polearms
 + Level 1.4 Staves
 + Level 1.4 Slings
 + Level 1.4 Bows
 + Level 1.4 Crossbows
 + Level 1.4 Throwing
 + Level 6.7 Armour
 + Level 1.4 Dodging
 + Level 1.4 Stealth
 + Level 6.7 Shields
 + Level 1.4 Unarmed Combat
 + Level 1.4 Spellcasting
 + Level 1.1 Conjurations
 + Level 1.1 Hexes
 + Level 1.1 Summonings
 + Level 1.1 Necromancy
 + Level 1.1 Translocations
 + Level 1.1 Transmutations
 + Level 1.1 Fire Magic
 + Level 1.1 Ice Magic
 + Level 1.1 Air Magic
 + Level 1.1 Earth Magic
 + Level 1.1 Poison Magic
 + Level 1.6 Invocations
 + Level 1.4 Evocations


You had 6 spell levels left.
You didn't know any spells.
Your spell library contained the following spells:

 Spells                   Type           Power      Damage    Failure   Level
 Static Discharge         Conj/Air       2%         N/A       99%         2
 Lightning Bolt           Conj/Air       1%         1d12      100%        5
 Maxwell's Capacitive Co  Air            1%         ∞         100%        8


Dungeon Overview and Level Annotations

Branches:
Dungeon (3/15)

Altars:


Innate Abilities, Weirdness & Mutations

You have very sharp teeth.
Your uncanny sense of smell can sniff out nearby items.
Your experience applies equally to all skills.


Message History

The gnoll hits you from afar with a +0 spear.
You closely miss the gnoll.
You feel very sick.
The endoplasm hits you but does no damage.
The gnoll hits you but does no damage.
The gnoll hits you from afar with a +0 spear.
A frilled lizard comes into view.
The hobgoblin hits you but does no damage.
The gnoll hits you but does no damage.
The endoplasm hits you but does no damage.
The gnoll hits you with a +0 whip.
The gnoll hits you from afar with a +0 spear.
Okay, then.
The frilled lizard hisses angrily.
You slice the hobgoblin!! You freeze the hobgoblin.
You kill the hobgoblin!
You feel sick.
You hear a bark!
The gnoll hits you from afar with a +0 spear.
A jackal comes into view.
The endoplasm hits you but does no damage.
The gnoll hits you but does no damage.
The gnoll hits you from afar with a +0 spear. x2
* * * LOW HITPOINT WARNING * * *
The endoplasm barely misses you. The gnoll closely misses you.
As you read the scroll labelled ZENTUA MAORA, it crumbles to dust.
It is a scroll of amnesia.
You feel forgetful for a moment.
You feel sick.
The gnoll hits you from afar with a +0 spear.
* * * LOW HITPOINT WARNING * * *
The kobold barely misses you.
The gnoll hits you from afar with a +0 spear.
* * * LOW HITPOINT WARNING * * *
The endoplasm hits you but does no damage.
The gnoll hits you with a +0 whip.
* * * LOW HITPOINT WARNING * * *
It was a potion of magic.
Magic courses through your body.
You feel sick. The gnoll hits you but does no damage.
The kobold hits you but does no damage.
The gnoll hits you from afar with a +0 spear.
You die...

..............#
.....?........#
..............
..hl.........
...........#
......hh...#
......gK...#############
.....gJ@.....#..........
.....g)......#..........
.............#..........
........................
........................
..$..............(......
........................
###########......#######
......(#


You could see 3 gnolls, an endoplasm, 3 jackals, a kobold and a frilled lizard.

Vanquished Creatures
  An orc wizard (D:2)
  Natasha (D:3)
  A gnoll (D:3)
  3 adders
  8 orcs
  2 endoplasms
  2 giant cockroaches
  3 goblins
  5 hobgoblins
  6 jackals
  A quokka (D:1)
  4 ball pythons (D:1)
  5 bats
  A frilled lizard (D:3)
  5 kobolds
  3 rats (D:1)
51 creatures vanquished.

Notes
Turn   | Place    | Note
-------+----------+-------------------------------------------
     0 | D:1      | Ijustatesigmund the Gnoll Fighter began the quest for the
                  | Orb.
     0 | D:1      | Reached XP level 1. HP: 23/23 MP: 1/1
   215 | D:1      | Reached XP level 2. HP: 29/29 MP: 2/2
   323 | D:1      | Identified a scroll of acquirement
   323 | D:1      | Acquired the +7 triple sword of Esayqip {freeze, Fly rF+
                  | rC+}
   418 | D:1      | Reached XP level 3. HP: 33/35 MP: 3/3
   569 | D:2      | Reached skill level 1 in Short Blades
   569 | D:2      | Reached skill level 1 in Long Blades
   569 | D:2      | Reached skill level 1 in Maces & Flails
   569 | D:2      | Reached skill level 1 in Polearms
   569 | D:2      | Reached skill level 1 in Staves
   569 | D:2      | Reached skill level 1 in Slings
   569 | D:2      | Reached skill level 1 in Bows
   569 | D:2      | Reached skill level 1 in Crossbows
   569 | D:2      | Reached skill level 1 in Throwing
   569 | D:2      | Reached skill level 1 in Dodging
   569 | D:2      | Reached skill level 1 in Stealth
   569 | D:2      | Reached skill level 1 in Unarmed Combat
   569 | D:2      | Reached skill level 1 in Spellcasting
   569 | D:2      | Reached skill level 1 in Invocations
   569 | D:2      | Reached skill level 1 in Evocations
   782 | D:2      | Reached XP level 4. HP: 37/41 MP: 5/5
  1136 | D:2      | Found a faded altar of an unknown god.
  1296 | D:2      | Reached skill level 1 in Conjurations
  1296 | D:2      | Reached skill level 1 in Hexes
  1296 | D:2      | Reached skill level 1 in Summonings
  1296 | D:2      | Reached skill level 1 in Necromancy
  1296 | D:2      | Reached skill level 1 in Translocations
  1296 | D:2      | Reached skill level 1 in Transmutations
  1296 | D:2      | Reached skill level 1 in Fire Magic
  1296 | D:2      | Reached skill level 1 in Ice Magic
  1296 | D:2      | Reached skill level 1 in Air Magic
  1296 | D:2      | Reached skill level 1 in Earth Magic
  1296 | D:2      | Reached skill level 1 in Poison Magic
  1590 | D:3      | Noticed Natasha
  1596 | D:3      | Killed Natasha
  1597 | D:3      | Reached XP level 5. HP: 46/47 MP: 5/7
  1670 | D:3      | Slain by a gnoll

Illustrated notes

Levels and vault maps discovered:
D:1:      psy_arrival_wood_between_worlds, layout_basic
D:2:      layout_loops_ring, chequers_ecumenical_altar_simple
D:3:      minmay_wonky_spiral, layout_basic, nrook_uturn, uniq_natasha

Skill      XL: |  1  2  3  4 |
---------------+-------------+-----
Short Blades   | 1 |  1.4
Long Blades    | 1 |  1.4
Maces & Flails | 1 |  1.4
Polearms       | 1 |  1.4
Staves         | 1 |  1.4
Slings         | 1 |  1.4
Bows           | 1 |  1.4
Crossbows      | 1 |  1.4
Throwing       | 1 |  1.4
Dodging        | 1 |  1.4
Stealth        | 1 |  1.4
Unarmed Combat | 1 |  1.4
Spellcasting   | 1 |  1.4
Invocations    | 1 |  1.6
Evocations     | 1 |  1.4
Conjurations   | 1 |  1.1
Hexes          | 1 |  1.1
Summonings     | 1 |  1.1
Necromancy     | 1 |  1.1
Translocations | 1 |  1.1
Transmutations | 1 |  1.1
Fire Magic     | 1 |  1.1
Ice Magic      | 1 |  1.1
Air Magic      | 1 |  1.1
Earth Magic    | 1 |  1.1
Poison Magic   | 1 |  1.1
Fighting       | |  6.7
Axes           | |  4.7
Armour         | |  6.7
Shields        | |  6.7

Action                   |  1- 3 |  4- 6 || total
-------------------------+-------+-------++-------
Melee: War axe           |    29 |       ||    29
       Bite              |     2 |     1 ||     3
       Triple sword      |    23 |    53 ||    76
  Use: Scroll            |     2 |     3 ||     5
       Potion            |       |     1 ||     1
Armor: Scale mail        |    11 |       ||    11
       Chain mail        |    36 |    67 ||   103
Dodge: Dodged            |    27 |    34 ||    61
Block: Buckler           |     5 |       ||     5

Table legend: (Time is in decaauts)
 A = Elapsed time spent in this place.
 B = Non-inter-level travel time spent in this place.
 C = Inter-level travel time spent in this place.
 D = Time resting spent in this place.
 E = Time spent auto-exploring this place.
 F = Levels seen in this place.
 G = Mean time per level.
                   A        B        C        D        E       F      G
               +--------+--------+--------+--------+--------+-----+--------+
         Total |   1735 |   1693 |     42 |    203 |   1149 |   3 |  578.3 |
       Dungeon |   1735 |   1693 |     42 |    203 |   1149 |   3 |  578.3 |
               +--------+--------+--------+--------+--------+-----+--------+

Top non-repeatable levels by time:
     D:2: 803 daAuts
     D:1: 790 daAuts
     D:3: 141 daAuts
